 Dungeon Crawl Stone Soup version 0.30-a0-800-g7c544603b3 (webtiles) character file.

Game seed: 13660569144754448863

62 ders the Digger (level 4, -9/27 HPs)
             Began as an Octopode Earth Elementalist on Feb 22, 2023.
             Killed from afar by Terence (11 damage)
             ... with a bolt of light
             ... on level 2 of the Dungeon.
             The game lasted 00:02:40 (1550 turns).

ders the Digger (Octopode Earth Elementalist)       Turns: 1550, Time: 00:02:41

Health: -9/27      AC:  1    Str:  7    XL:     4   Next: 8%
Magic:  1/7        EV: 13    Int: 19    God:
Gold:   33         SH:  0    Dex: 18    Spells: 6/7 levels left

rFire   . . .      SeeInvis .    e - +0 short sword
rCold   . . .      Faith    .    (no shield)
rNeg    . . .      Spirit   .    (helmet restricted)
rPois   .          Reflect  +    i - amulet of reflection
rElec   .          Harm     .    l - +6 ring of dexterity
rCorr   .          Rampage  .    (no ring)
Will    .....                    (no ring)
Stlth   ++                       (no ring)
HPRegen 0.24/turn                (no ring)
MPRegen 0.10/turn                (no ring)
                                 (no ring)
                                 (no ring)

@: confused
A: almost no armour, amphibious, 8 rings, camouflage 1, gelatinous body 1,
(nimble swimmer 1), tentacles
a: no special abilities


You were on level 2 of the Dungeon.
You visited 1 branch of the dungeon, and saw 2 of its levels.

You collected 33 gold pieces.

Inventory:

Hand Weapons
 e - a +0 short sword (weapon)
Jewellery
 i - an amulet of reflection (around mantle)
 l - a +6 ring of dexterity (left tentacle)
Scrolls
 b - a scroll of poison {unknown}
 c - 2 scrolls of identify {unknown}
 h - a scroll of enchant weapon {unknown}
 k - a scroll of noise {unknown}
Potions
 a - a potion of magic
 d - a potion of berserk rage {unknown}
 f - a potion of mutation {unknown}
 g - a potion of curing {unknown}
 j - 3 potions of haste {unknown}


   Skills:
 - Level 2.0 Dodging
 - Level 2.6 Stealth
 + Level 2.4 Spellcasting
 * Level 2.0 Conjurations
 + Level 1.9 Transmutations
 + Level 3.4 Earth Magic


You had 6 spell levels left.
You knew the following spells:

 Your Spells              Type           Power      Damage    Failure   Level
a - Sandblast             Erth           30%        2d9       4%          1

Your spell library contained the following spells:

 Spells                   Type           Power      Damage    Failure   Level
 Passwall                 Tmut/Erth      10%        N/A       9%          2
 Stone Arrow              Conj/Erth      24%        3d8       16%         3
 Ensorcelled Hibernation  Hex/Ice        4%         N/A       24%         2
 Swiftness                Air            2%         N/A       43%         3
 Petrify                  Tmut/Erth      12%        N/A       47%         4


Dungeon Overview and Level Annotations

Branches:
Dungeon (2/15)

Altars:

Annotations:
D:2 Terence


Innate Abilities, Weirdness & Mutations

You cannot wear most types of armour.
You are amphibious.
You can wear up to eight rings at the same time.
Your skin changes colour to match your surroundings (Stealth+).
Your rubbery body absorbs attacks. (AC +1, EV +1)
((You are camouflaged when in or above water. (Stealth+)))
You have tentacles for arms and can constrict up to eight enemies at once.


Message History

Confirm with . or Enter, or press ? or * to list all spells.
Aiming: Sandblast (safe; 4% risk of failure)
Press: ? - help, Shift-Dir - straight line, f/p - Terence
Aim: Terence, wielding a +0 mace, wearing a +0 scale mail and carrying a wand of light (9) (84% to hit)
The blast of sand hits Terence!
Terence is moderately wounded.
Terence hits you but does no damage.
Unknown command.
Casting: Sandblast (safe; 4% risk of failure)
Confirm with . or Enter, or press ? or * to list all spells.
Aiming: Sandblast (safe; 4% risk of failure)
Press: ? - help, Shift-Dir - straight line, f/p - Terence
Aim: Terence, wielding a +0 mace, wearing a +0 scale mail and carrying a wand of light (9) (moderately wounded, 84% to hit)
The blast of sand hits Terence.
Terence is severely wounded.
Terence zaps a wand.
The bolt of light misses you. Terence hits you with a +0 mace!
* * * LOW HITPOINT WARNING * * *
Unknown command.
Casting: Sandblast (safe; 4% risk of failure)
Confirm with . or Enter, or press ? or * to list all spells.
Aiming: Sandblast (safe; 4% risk of failure)
Press: ? - help, Shift-Dir - straight line, f/p - Terence
Aim: Terence, wielding a +0 mace, wearing a +0 scale mail and carrying a wand of light (8) (severely wounded, 84% to hit)
The blast of sand hits Terence but does no damage.
Terence is severely wounded.
Terence zaps a wand.
The bolt of light misses you.
Unknown command.
Casting: Sandblast (safe; 4% risk of failure)
Confirm with . or Enter, or press ? or * to list all spells.
Aiming: Sandblast (safe; 4% risk of failure)
Press: ? - help, Shift-Dir - straight line, f/p - Terence
Aim: Terence, wielding a +0 mace, wearing a +0 scale mail and carrying a wand of light (7) (severely wounded, 84% to hit)
The blast of sand hits Terence but does no damage.
Terence is severely wounded.
Terence hits you with a +0 mace.
* * * LOW HITPOINT WARNING * * *
Terence zaps a wand.
The bolt of light hits you!
You are confused.
You die...

#........#
#............##
#.....)..#
#............#
#........#
#............#
>......
#............#
.......
#............# .....
#............#
...###............##
#@..#..............
#.@.#.............#
#...###########....
#...# #.#.. #...#
#.... #...# ...)..#
#...# #......# #...#
#......#
#...########......#
#.................


You could see Terence.

Vanquished Creatures
  A gnoll (D:1)
  A dart slug (D:2)
  4 bats
  4 endoplasms
  4 giant cockroaches
  3 goblins (D:1)
  5 hobgoblins
  7 jackals (D:1)
  4 ball pythons (D:1)
  2 frilled lizards
  5 kobolds
  4 rats
44 creatures vanquished.

Notes
Turn   | Place    | Note
-------+----------+-------------------------------------------
     0 | D:1      | ders the Octopode Earth Elementalist began the quest for
                  | the Orb.
     0 | D:1      | Reached XP level 1. HP: 11/11 MP: 3/3
   145 | D:1      | Reached XP level 2. HP: 17/17 MP: 3/5
   278 | D:1      | Reached skill level 1 in Conjurations
   463 | D:1      | Reached XP level 3. HP: 18/21 MP: 3/6
  1257 | D:2      | Reached XP level 4. HP: 27/27 MP: 4/7
  1543 | D:2      | Noticed Terence
  1550 | D:2      | Killed from afar by Terence

Illustrated notes

Levels and vault maps discovered:
D:1:      dpeg_arrival_subterranean_lakeside_camping, layout_basic,
          chequers_garden, due_unseen_surprise
D:2:      layout_basic, uniq_terence

Skill      XL: |  1  2  3 |
---------------+----------+-----
Conjurations   | 1 2 |  2.0
Dodging        | |  2.0
Stealth        | |  2.6
Spellcasting   | |  2.4
Transmutations | |  1.9
Earth Magic    | |  3.4

Action                     |  1- 3 |  4- 6 || total
---------------------------+-------+-------++-------
  Melee: Unarmed           |     6 |       ||     6
         Constrict         |     6 |       ||     6
         Short sword       |    19 |       ||    19
         Tentacles         |     3 |       ||     3
         Punch             |     1 |       ||     1
   Cast: Sandblast         |    40 |    10 ||    50
   Stab: Sleeping          |     2 |       ||     2
 Armour: Skin              |     6 |     1 ||     7
  Dodge: Dodged            |    37 |     2 ||    39

Table legend: (Time is in decaauts)
 A = Elapsed time spent in this place.
 B = Non-inter-level travel time spent in this place.
 C = Inter-level travel time spent in this place.
 D = Time resting spent in this place.
 E = Time spent auto-exploring this place.
 F = Levels seen in this place.
 G = Mean time per level.
                   A        B        C        D        E       F      G
               +--------+--------+--------+--------+--------+-----+--------+
         Total |   1573 |   1531 |     42 |     71 |   1240 |   2 |  786.5 |
       Dungeon |   1573 |   1531 |     42 |     71 |   1240 |   2 |  786.5 |
               +--------+--------+--------+--------+--------+-----+--------+

Top non-repeatable levels by time:
     D:1: 1250 daAuts
     D:2: 323 daAuts
